 Dungeon Crawl Stone Soup version 0.26-a0-651-gb41185065b (webtiles) character file.

Game seed: 13318183693886976449

282 tof the Chopper (level 6, 0/56 HPs)
             Began as a Hill Orc Monk on Oct 5, 2020.
             Was a Believer of Beogh.
             Slain by an orc
             ... wielding a +0 short sword
              (1 damage)
             ... on level 4 of the Dungeon.
             The game lasted 00:07:51 (3815 turns).

tof the Chopper (Hill Orc Monk)                     Turns: 3815, Time: 00:07:51

Health: 0/56       AC:  9    Str: 16    XL:     6   Next: 28%
Magic:  6/6        EV: 12    Int: 10    God:    Beogh [**....]
Gold:   247        SH:  0    Dex: 13    Spells: 5/5 levels left

rFire    . . .     SeeInvis .   a - +1 hand axe
rCold    + + .     Faith    .   (no shield)
rNeg     . . .     Spirit   .   l - +2 leather armour {rC+}
rPois    .         Reflect  .   (no helmet)
rElec    .         Harm     .   (no cloak)
rCorr    .         Rampage  .   (no gloves)
MR       .....                  (no boots)
Stlth    ++........             (no amulet)
HPRegen  0.18/turn              d - +4 ring of protection
MPRegen  0.10/turn              g - ring of protection from cold

@: no status effects
A: no striking features
a: Smiting, Renounce Religion


You were on level 4 of the Dungeon.
You worshipped Beogh.
Beogh was pleased with you.
You visited 1 branch of the dungeon, and saw 4 of its levels.

You collected 247 gold pieces.

Inventory:

Hand Weapons
 a - a +1 hand axe (weapon)
Missiles
 c - 2 atropa-tipped darts (quivered)
 m - 7 poisoned darts
Armour
 l - a +2 leather armour of cold resistance (worn)
Jewellery
 d - a +4 ring of protection (left hand)
 g - a ring of protection from cold (right hand)
Scrolls
 h - a scroll of enchant weapon
 i - a scroll of enchant armour {unknown}
 j - a scroll of immolation {unknown}
 k - 2 scrolls of blinking {unknown}
 n - a scroll of remove curse
Potions
 b - 2 potions of cancellation {unknown}
 f - a potion of degeneration {unknown}
 o - 3 potions of ambrosia {unknown}
 p - a potion of heal wounds {unknown}


   Skills:
 + Level 5.6 Fighting
 + Level 6.1 Axes
 + Level 3.5 Armour
 - Level 2.4 Dodging
 - Level 1.5 Stealth


You had 5 spell levels left.
You didn't know any spells.
Your spell library was empty.

Dungeon Overview and Level Annotations

Branches:
Dungeon (4/15)
 Temple: D:4-7

Altars:
Sif Muna
The Shining One


Message History

* * * LOW HITPOINT WARNING * * *
The orc wizard shouts!
The orc wizard mumbles some strange words.
The orc wizard flickers and vanishes!
Deactivating autopickup; reactivate with Ctrl-A.
Something tries to affect you, but you resist.
As you read the scroll of teleportation, it crumbles to dust.
You feel strangely unstable.
You see here an atropa-tipped dart.
Your surroundings seem slightly different.
There is an open door here.
There is a shimmering blue altar of Sif Muna here.
There are monsters nearby!
Something tries to affect you, but you resist.
The orc closely misses you. The orc hits you with a +0 short sword!
* * * LOW HITPOINT WARNING * * *
The orc hits you with a +0 short sword.
You die...
Beogh appreciates the orc's killing of a heretic priest.

....o..#.#...#.###.##.####..
.........#...#............ .
....#....#...#####.##.####
J...#(.#.#...# #...# .# ...
(....#.(.###...# ..
(#....#.o.#.....# ..##
..#.Oo###...#(.# #
##o###.......# .... #@#
#.##....#
....#######.##...... .
.....#.#..........#.
#.###..#.#.##.......#
.........#.#####...##
......##..........#
.#####..............#
.............###.##.#
###.##.##.### #.##.#


You could see an ogre, an orc wizard and 2 orcs.

Vanquished Creatures
  A phantom (D:4)
  An ogre (D:4)
  A howler monkey skeleton (D:4)
  An adder skeleton (D:4)
  3 worms
  2 leopard geckos
  5 orcs (D:3)
  9 bats
  4 giant cockroaches
  11 goblins
  11 hobgoblins
  7 jackals
  9 kobolds
  A quokka (D:4)
  A ball python (D:1)
  2 frilled lizards (D:3)
  A quokka skeleton (D:4)
  5 rats
75 creatures vanquished.

Vanquished Creatures (others)
  3 orcs (D:3)
  3 plants (D:2)
6 creatures vanquished.

Grand Total: 81 creatures vanquished

Notes
Turn   | Place    | Note
-------+----------+-------------------------------------------
     0 | D:1      | tof the Hill Orc Monk began the quest for the Orb.
     0 | D:1      | Reached XP level 1. HP: 19/19 MP: 1/1
   348 | D:1      | Reached XP level 2. HP: 26/27 MP: 2/2
   368 | D:1      | Reached skill level 1 in Armour
   656 | D:1      | Reached XP level 3. HP: 30/33 MP: 3/3
  1409 | D:2      | Found a glowing golden altar of the Shining One.
  1993 | D:2      | Reached XP level 4. HP: 41/41 MP: 4/4
  2173 | D:3      | Became a worshipper of Beogh the Brigand
  2173 | D:3      | Reached * piety under Beogh
  2173 | D:3      | Reached ** piety under Beogh
  2190 | D:3      | Reached skill level 5 in Axes
  3245 | D:4      | Noticed a phantom
  3347 | D:4      | Killed a phantom
  3347 | D:4      | Reached skill level 5 in Fighting
  3347 | D:4      | Reached XP level 5. HP: 12/48 MP: 5/5
  3704 | D:4      | Noticed an ogre
  3740 | D:4      | Found a shimmering blue altar of Sif Muna.
  3773 | D:4      | Killed an ogre
  3773 | D:4      | Reached skill level 6 in Axes
  3773 | D:4      | Reached XP level 6. HP: 10/56 MP: 2/6
  3814 | D:4      | HP: 1/56 [orc/+0 short sword (7)]
  3815 | D:4      | Slain by an orc

Illustrated notes

Levels and vault maps discovered:
D:1:      dpeg_arrival_stonehenge_8_columns, layout_basic
D:2:      layout_basic, tso_oasis_becter
D:3:      layout_rooms, hex_intersection, hangedman_decor_growths,
          kennysheep_another_room
D:4:      layout_basic, lemuel_blue_sif_altar

Skill      XL: |  1  2  3  4  5 |
---------------+----------------+-----
Armour         | 1 2 3 |  3.5
Fighting       | 4 5 |  5.6
Axes           | 5 6 |  6.1
Dodging        | |  2.4
Stealth        | |  1.5

Action                   |  1- 3 |  4- 6 || total
-------------------------+-------+-------++-------
Melee: Hand axe          |   162 |   133 ||   295
Throw: Dart              |       |     8 ||     8
Invok: Convert to Beogh  |       |     1 ||     1
       Smiting           |       |     1 ||     1
  Use: Scroll            |     3 |     2 ||     5
 Stab: Sleeping          |       |     2 ||     2
Armor: Ring mail         |    73 |       ||    73
       Leather armour    |    10 |    45 ||    55
Dodge: Dodged            |   117 |    88 ||   205

Table legend: (Time is in decaauts)
 A = Elapsed time spent in this place.
 B = Non-inter-level travel time spent in this place.
 C = Inter-level travel time spent in this place.
 D = Time resting spent in this place.
 E = Time spent auto-exploring this place.
 F = Levels seen in this place.
 G = Mean time per level.
                   A        B        C        D        E       F      G
               +--------+--------+--------+--------+--------+-----+--------+
         Total |   3831 |   3715 |    116 |    903 |   1930 |   4 |  957.8 |
       Dungeon |   3831 |   3715 |    116 |    903 |   1930 |   4 |  957.8 |
               +--------+--------+--------+--------+--------+-----+--------+

Top non-repeatable levels by time:
     D:1: 1357 daAuts
     D:3: 936 daAuts
     D:2: 827 daAuts
     D:4: 711 daAuts
